AoeStats
← DeeHambone

Arabia

510412074Analyzed
1v1 RM · 19h ago on Sep 30, 2026· 39m 17s· 2 players
Game mode
Random Map
Map size
Tiny (2 player)
Population
200
Speed
Normal
Resources
Standard
Victory
Conquest
Starting age
Dark Age
Ending age
Imperial Age
RankedLock teamsTeams togetherTeam positionsShared explorationLock speedFull tech treeHidden civsTurbo modeCheats
Victory
Defeat
🇪🇸 Chinese · Spain
1451
+17
🇺🇸 Portuguese · United States
1477
-17
Sir_Piñeiro
0:33 Loom
9:12 Feudal Age
9:24 Man-at-Arms
9:51 Double-Bit Axe
14:20 Fletching
22:18 Castle Age
20:55 Padded Archer Armor
20:59 Gold Mining
22:27 Wheelbarrow
22:55 Bodkin Arrow
22:43 Crossbowman
24:29 Ballistics
28:25 Town Watch
29:40 Stone Mining
34:03 Imperial Age
33:23 Thumb Ring
34:49 Bracer
35:58 Chemistry
35:26 Arbalester
39:26 Conscription
DeeHambone
7:15 Loom
9:19 Feudal Age
9:24 Man-at-Arms
10:10 Double-Bit Axe
18:08 Fletching
21:11 Padded Archer Armor
23:52 Castle Age
22:20 Horse Collar
24:06 Crossbowman
24:42 Bodkin Arrow
24:42 Gold Mining
29:50 Ballistics
40:25 Imperial Age
Connection lost

Rejoining the realm…

Still unreachable

The connection could not be restored.

Session expired

The server has moved on; the page needs a fresh start.